 Dungeon Crawl Stone Soup version 0.14-a0-2124-ga163777 (webtiles) character file.

10057 Mitsuki the Bludgeoner (level 11, -7/60 HPs)
             Began as a Gargoyle Fighter on Jan 27, 2014.
             Was a Believer of Ashenzari.
             Killed from afar by an ice statue (12 damage)
             ... with a freezing blast
             ... in an ice cave.
             The game lasted 00:40:45 (8975 turns).

Mitsuki the Bludgeoner (Gargoyle Fighter)           Turns: 8975, Time: 00:40:45

HP  -7/60        AC 25     Str 23      XL: 11   Next: 49%
MP  11/11        EV  8     Int  9      God: Ashenzari [**....]
Gold 435         SH 21     Dex 15      Spells:  0 memorised, 10 levels left

rFire  . . .     SeeInvis .     t - +3 whip (elec)
rCold  . . .     Clarity  .     s - +4 ring mail of the Tick {rElec Acc+4 Curse}
rNeg   + . .     Conserve .     c - +0 shield (curse)
rPois  +         rCorr    +     O - +0 helmet
rElec  +         rRot     +     F - +2 cloak
SustAb . .       Spirit   .     v - +0 pair of gloves
rMut   .         Warding  .     e - +2 pair of boots (curse)
Saprov . . .     Stasis   .     p - cursed amulet of resist corrosion
MR     .....                    E - +3 ring of dexterity
                                y - cursed +3 ring of strength

@: not resistant to hostile enchantments, very unstealthy
A: life protection 1, electricity resistance, unbreathing, petrification
resistance, AC +7
a: Renounce Religion


You were in an ice cave.
You worshipped Ashenzari.
Ashenzari was pleased with you.
You were full.

You visited 3 branches of the dungeon, and saw 13 of its levels.
You also visited: Ice Cave.

You collected 435 gold pieces.

Inventory:

Hand weapons
 t - a +3,+3 whip of electrocution (weapon)
Armour
 c - a cursed +0 shield (worn)
 e - a cursed +2 pair of boots (worn)
 s - the cursed +4 ring mail of the Tick (worn) {rElec Acc+4 Curse}
   (You found it on level 6 of the Dungeon)

   It affects your accuracy with ranged weapons and melee attacks (+4).
   It insulates you from electricity.
   It may recurse itself when equipped.
   It has a curse placed upon it.
 v - a +0 pair of gloves (worn)
 F - a +2 cloak (worn)
 O - a +0 helmet (worn)
Magical devices
 i - a wand of fire (2)
 z - a wand of enslavement (12)
 C - a wand of frost (10)
 D - a wand of enslavement (10)
 J - a wand of digging (14)
 L - a wand of confusion (15)
Comestibles
 a - a pear
 d - 6 bread rations
 f - 5 meat rations
 h - 5 chunks of yak flesh
 j - a chunk of wolf flesh
 k - a chunk of polar bear flesh
 m - a chunk of wolf flesh
 q - 2 rotting chunks of scorpion flesh
 u - 3 rotting chunks of gnoll flesh
 B - 5 chunks of yak flesh
 K - a chunk of wolf flesh
 Q - a royal jelly
Scrolls
 b - 3 scrolls of enchant armour
 g - 2 scrolls of teleportation
 n - 4 scrolls of identify
 o - 4 scrolls of remove curse
 H - a scroll of silence
 M - a scroll of enchant weapon II
 P - 2 scrolls of enchant weapon I
Jewellery
 l - an uncursed ring of invisibility
 p - a cursed amulet of resist corrosion (around neck)
 x - an uncursed amulet of rage
 y - a cursed +3 ring of strength (left hand)
 E - a +3 ring of dexterity (right hand)
 I - an uncursed ring of sustenance


   Skills:
 - Level 3.2 Fighting
 + Level 17.9 Maces & Flails
 - Level 3.2 Armour
 - Level 3.2(4.5) Shields
 - Level 0.2(0.5) Evocations


You had 10 spell levels left.
You didn't know any spells.

Dungeon Overview and Level Annotations

Branches:
Dungeon (11/16)            Temple (1/1) D:5            Lair (1/8) D:8
    Orc: D:9-12

Altars:
Ashenzari
Cheibriados
Dithmengos
Elyvilon
Fedhas
Kikubaaqudgha
Makhleb
Nemelex Xobeh
Okawaru
Sif Muna
Trog
Vehumet
Xom
Yredelemnul
Zin
The Shining One

Shops:
D:9 %

Portals:
Trove: D:10 (give wand of hasting (9))

Annotations:
D:4 Prince Ribbit IceCv exclusion: ice statue


Innate Abilities, Weirdness & Mutations

You are resistant to torment.
You are immune to poison.
Your stone body is very resilient (AC +7).
You resist negative energy.
You are resistant to electric shocks.
You can survive without breathing.
You are immune to petrification.


Message History

Evoke which item? (* to show all) (? for menu, Esc to quit)
Okay, then.
The ice statue glitters chillingly in the dim dungeon light.
The ice statue throws ice at you. The shard of ice hits you!
You hit the ice statue but do no damage.
You hit the ice statue but do no damage.
You hit the ice statue but do no damage.
The ice statue throws ice at you. The shard of ice hits you!
You smell something rotten. (slot u)
You hit the ice statue.
The ice statue is lightly damaged.
The ice statue throws ice at you. The shard of ice hits you!
* * * LOW HITPOINT WARNING * * *
You aren't carrying any potions.
The ice statue throws cold at you. The freezing blast hits you!
You die...

#%%## ≈ ####..##
* ##.#....#.## *
##..........#* ,
##...%........# *
##.....#........#
*
#.......###.....
*
#.......#######,
##.....@..##
###.......###
###.......#
###...8## *#..###
#..## * ...##**≈
, ...## ≈* ##* ≈
≈


You could see an ice statue.

Vanquished Creatures
  Nergalle (D:11)
  An unseen horror (D:10)
  Pikel (D:5)
  2 hill giants (D:10)
  A two-headed ogre (D:9)
  4 trolls
  4 polar bears (IceCv)
  A human (D:10)
  4 yaks (IceCv)
  Grum (D:8)
  A hungry ghost (D:9)
  A hippogriff (D:8)
  6 wolves
  A deep elf fighter (D:10)
  A manticore (D:10)
  A soldier ant (D:10)
  2 necrophages
  A black bear (D:8)
  A naga (D:10)
  An orc warrior (D:6)
  A sky beast (D:9)
  2 phantoms
  An ice beast (D:9)
  2 ogres
  4 centaurs
  2 wargs (D:8)
  3 giant frogs
  2 gnoll sergeants
  A yak zombie (D:10)
  An eye of draining (D:9)
  A hippogriff zombie (D:9)
  3 crimson imps
  A goliath beetle (D:9)
  A jelly (D:10)
  A quasit (D:7)
  8 orc wizards
  3 hounds
  Crazy Yiuf (D:5)
  3 orc priests (D:8)
  4 worker ants
  3 scorpions
  Ijyb (D:2)
  An ogre skeleton (D:10)
  5 adders
  8 gnolls
  An orc skeleton (D:9)
  3 worms
  An adder zombie (D:10)
  An orc zombie (D:5)
  An adder skeleton (D:7)
  A giant eyeball (D:8)
  7 giant geckos
  2 oozes
  29 orcs
  A bat zombie (D:6)
  3 giant cockroaches
  11 goblins
  15 hobgoblins
  12 jackals
  12 kobolds
  3 quokkas
  A ball python (D:1)
  6 bats
  2 giant newts
  A gnoll skeleton (D:4)
  A kobold zombie (D:5)
  13 rats
  A rat zombie (D:8)
227 creatures vanquished.

Vanquished Creatures (collateral kills)
  A warg (D:8)
  An orc priest (D:8)
  An orc (D:8)
3 creatures vanquished.

Vanquished Creatures (others)
  Menkaure (D:5)
  A giant frog zombie (D:5)
  An orc (D:6)
  A kobold (D:5)
4 creatures vanquished.

Grand Total: 234 creatures vanquished

Notes
Turn   | Place    | Note
--------------------------------------------------------------
     0 | D:1      | Mitsuki, the Gargoyle Fighter, began the quest for the Orb.
     0 | D:1      | Reached XP level 1. HP: 14/14 MP: 1/1
   149 | D:1      | Reached XP level 2. HP: 14/19 MP: 2/2
   458 | D:1      | Reached XP level 3. HP: 20/23 MP: 3/3
   619 | D:2      | Noticed Ijyb
   632 | D:2      | Killed Ijyb
   632 | D:2      | Reached skill level 4 in Maces & Flails
  1220 | D:3      | Reached XP level 4. HP: 28/28 MP: 4/4
  1249 | D:3      | Noticed a phantom
  1281 | D:3      | Killed a phantom
  1281 | D:3      | Reached skill level 5 in Maces & Flails
  1281 | D:3      | Reached XP level 5. HP: 10/32 MP: 5/5
  1600 | D:3      | Reached skill level 6 in Maces & Flails
  1766 | D:4      | Noticed an ogre
  1778 | D:4      | Killed an ogre
  1778 | D:4      | Reached skill level 7 in Maces & Flails
  1778 | D:4      | Reached XP level 6. HP: 30/37 MP: 6/6
  1940 | D:4      | Noticed Prince Ribbit
  2040 | D:4      | Found a blossoming altar of Fedhas.
  2040 | D:4      | Found a glowing silver altar of Zin.
  2743 | D:5      | Entered Level 5 of the Dungeon
  2920 | D:5      | Reached skill level 8 in Maces & Flails
  2920 | D:5      | Reached XP level 7. HP: 41/41 MP: 7/7
  3039 | D:5      | Noticed Pikel
  3057 | D:5      | Killed Pikel
  3057 | D:5      | Reached skill level 10 in Maces & Flails
  3057 | D:5      | Reached XP level 8. HP: 43/46 MP: 8/8
  3126 | D:5      | Found a staircase to the Ecumenical Temple.
  3132 | Temple   | Entered the Ecumenical Temple
  3377 | Temple   | Became a worshipper of Ashenzari the Shackled
  3443 | D:5      | Killed Menkaure
  3657 | D:5      | Noticed Crazy Yiuf
  3661 | D:5      | Killed Crazy Yiuf
  3841 | D:6      | Got the uncursed ring mail of the Tick {rElec Acc+4 Curse}
  3859 | D:6      | Identified the +4 ring mail of the Tick {rElec Acc+4 Curse} (You found it on level 6 of the Dungeon)
  3948 | D:6      | Reached skill level 11 in Maces & Flails
  4783 | D:7      | Reached skill level 12 in Maces & Flails
  4783 | D:7      | Reached XP level 9. HP: 44/51 MP: 9/9
  5270 | D:7      | Found a snail-covered altar of Cheibriados.
  5736 | D:8      | Found a staircase to the Lair.
  5911 | Lair:1   | Entered Level 1 of the Lair of Beasts
  6010 | D:8      | Paralysed by a giant eyeball for 2 turns
  6110 | D:8      | Reached skill level 13 in Maces & Flails
  6140 | D:8      | Noticed Grum
  6152 | D:8      | Killed Grum
  6736 | D:9      | Reached skill level 14 in Maces & Flails
  6880 | D:9      | Reached XP level 10. HP: 49/56 MP: 10/10
  7218 | D:9      | Found Klajuh's Food Shoppe.
  7233 | D:9      | Reached skill level 15 in Maces & Flails
  7299 | D:9      | Acquired Ashenzari's first power
  7496 | D:10     | Entered Level 10 of the Dungeon
  7531 | D:10     | Identified the +2 robe "Gociw" {Dex+4 Dam+6}
  7821 | D:10     | Found a portal to a secret trove of treasure.
  8123 | D:10     | Reached skill level 16 in Maces & Flails
  8143 | D:10     | Identified a scroll of acquirement
  8165 | D:10     | Noticed a hill giant
  8173 | D:10     | Killed a hill giant
  8275 | D:10     | Noticed a hill giant
  8282 | D:10     | Killed a hill giant
  8503 | D:11     | Noticed Nergalle
  8531 | D:11     | Noticed a four-headed hydra
  8538 | D:10     | Reached XP level 11. HP: 25/60 MP: 11/11
  8565 | D:10     | Killed an unseen horror
  8689 | D:11     | Killed Nergalle
  8689 | D:11     | Reached skill level 17 in Maces & Flails
  8746 | D:11     | Found a frozen archway.
  8755 | IceCv    | Entered an ice cave
  8962 | IceCv    | Noticed an ice statue
  8975 | IceCv    | Killed from afar by an ice statue

Action                   |  1- 3 |  4- 6 |  7- 9 | 10-12 || total
-------------------------+-------+-------+-------+-------++-------
Melee: Mace              |    99 |   182 |       |       ||   281
       Flail             |       |    31 |    20 |       ||    51
       Whip              |       |       |   316 |   331 ||   647
Evoke: Wand              |       |       |    20 |     1 ||    21
  Use: Scroll            |       |     1 |    21 |     3 ||    25
       Potion            |       |     1 |     3 |     2 ||     6
 Stab: Invisible         |       |       |     5 |     7 ||    12
       Distracted        |       |       |     1 |       ||     1
